 Dungeon Crawl Stone Soup version 0.30-a0-141-g30f27751c5 (webtiles) character file.

Game seed: 14791013067542517398

325 qw the Chopper (level 6, -1/39 HPs)
             Began as a Gargoyle Fighter on Sept 24, 2022.
             Slain by an adder (3 damage)
             ... on level 4 of the Dungeon.
             The game lasted 00:01:12 (3425 turns).

qw the Chopper (Gargoyle Fighter)                   Turns: 3425, Time: 00:01:12

Health: -1/39      AC: 13    Str: 21    XL:     6   Next: 48%
Magic:  6/6        EV:  7    Int:  9    God:
Gold:   18         SH:  4    Dex:  9    Spells: 5/5 levels left

rFire   + . .      SeeInvis .    Y - +1 war axe
rCold   . . .      Faith    .    c - +0 buckler
rNeg    + + .      Spirit   .    r - +0 chain mail {rN+}
rPois   inf        Reflect  .    (no helmet)
rElec   +          Harm     .    (no cloak)
rCorr   .          Rampage  .    (no gloves)
Will    .....                    (no boots)
Stlth   ..........               k - amulet of the acrobat
HPRegen 0.13/turn                m - ring of protection from fire
MPRegen 0.10/turn                (no ring)

@: about to teleport
A: sickness immunity, AC +4, negative energy resistance 1, electricity
resistance, torment resistance 1, petrification resistance
a: no special abilities


You were on level 4 of the Dungeon.
You visited 1 branch of the dungeon, and saw 4 of its levels.

You collected 179 gold pieces.
You spent 161 gold pieces at shops.


Innate Abilities, Weirdness & Mutations

You are immune to sickness and miasma.
Your stone body is resilient. (AC +4)
You are immune to poison.
You resist negative energy. (rN+)
You are resistant to electric shocks. (rElec)
You are resistant to unholy torment.
You are immune to petrification.


   Skills:
 - Level 4.3 Fighting
 + Level 5.0 Axes
 - Level 2.2 Throwing
 - Level 3.2 Armour
 - Level 3.2 Shields


You had 5 spell levels left.
You didn't know any spells.
Your spell library was empty.

Inventory:

Hand Weapons
 b - the +1 flail "Uvedoth" {elec, rF++ rC- Str+4}
   (You found it on level 4 of the Dungeon)

   It occasionally discharges a powerful burst of electricity upon striking a
   foe.
   Str:       It affects your strength (+4).
   rF:        It greatly protects you from fire.
   rC:        It makes you vulnerable to cold.
 o - a +0 morningstar
 Y - a +1 war axe (weapon)
Missiles
 l - 3 boomerangs
 u - a silver boomerang (quivered)
Armour
 a - a +2 robe of resistance
 c - a +0 buckler (worn)
 r - a +0 chain mail of positive energy (worn)
Jewellery
 k - an amulet of the acrobat (around neck)
 m - a ring of protection from fire (left hand)
Scrolls
 e - 4 scrolls of identify
 q - a scroll of teleportation
 t - 2 scrolls of enchant armour
 v - a scroll of immolation {unknown}
Potions
 d - a potion of might
 f - a potion of haste {unknown}
 g - a potion of resistance {unknown}
 h - a potion of degeneration {unknown}
 i - a potion of ambrosia {unknown}
 j - a potion of mutation {unknown}
 n - a potion of curing
 p - a potion of magic {unknown}
 s - a potion of flight {unknown}

Dungeon Overview and Level Annotations

Branches:
Dungeon (4/15)             Temple (0/1) D:4

Altars:
Makhleb

Shops:
D:4 ?

Annotations:
D:3 1 runed translucent door, qw's ghost, amateur GrFi
D:4 Blork the orc


Message History

The adder bites you but does no damage. Blork the orc hits you with a +0 mace!
Your Fighting skill increases to level 4!
You barely miss the adder.
The adder is moderately wounded.
You hit Blork the orc but do no damage.
Blork the orc hits you but does no damage.
The adder bites you.
You barely miss the adder.
The adder is moderately wounded.
You hit Blork the orc. You block Blork the orc's attack.
You block the adder's attack.
Blork the orc screams, "I'll make a cloak from your skin!"
Blork the orc hits you with a +0 mace. The adder bites you but does no damage.
You miss the adder.
The adder is moderately wounded.
You hit Blork the orc. Blork the orc hits you with a +0 mace!
The adder barely misses you.
Blork the orc hits you but does no damage.
You hit Blork the orc.
Blork the orc is heavily wounded.
You hit the adder. Blork the orc hits you with a +0 mace.
You block the adder's attack. You block Blork the orc's attack.
The adder bites you but does no damage.
You closely miss Blork the orc.
Blork the orc is heavily wounded.
You miss the adder. Blork the orc hits you with a +0 mace.
The adder bites you but does no damage. Blork the orc casts a spell at you.
The puff of flame hits you. You resist. The adder bites you but does no damage.
3424 ||| READING 2 scrolls of teleportation.
As you read the scroll of teleportation, it crumbles to dust.
You feel strangely unstable. Blork the orc hits you with a +0 mace.
The adder bites you but does no damage.
Blork the orc looks braver for a moment.
You hit Blork the orc.
Blork the orc is severely wounded.
You hit the adder. The adder bites you but does no damage.
Blork the orc barely misses you. The adder bites you.
You die...

#....#.#
#....#.#
#....#.# #
###.##.# .#
#
.....##.#.#
.(.... ###
##... ...
########o#
###
#.....S@.#
#.######.#
.# #.# #.#
#.# #.# ..#
##.#
#######


You could see Blork the orc (fast) and an adder.

Vanquished Creatures
  2 phantoms (D:4)
  An orc priest (D:3)
  Jessica (D:3)
  Ijyb (D:3)
  2 adders (D:2)
  A worm (D:2)
  A dart slug (D:1)
  8 orcs
  5 ball pythons
  10 bats
  5 endoplasms
  2 giant cockroaches
  3 goblins
  6 hobgoblins
  8 jackals
  5 kobolds
  2 quokkas
  A frilled lizard (D:1)
  5 rats
69 creatures vanquished.

Vanquished Creatures (others)
  11 plants
11 creatures vanquished.

Grand Total: 80 creatures vanquished

Notes
Turn   | Place    | Note
-------+----------+-------------------------------------------
     0 | D:1      | qw the Gargoyle Fighter began the quest for the Orb.
     0 | D:1      | Reached XP level 1. HP: 14/14 MP: 1/1
     0 | D:1      | 0 ||| qw: Version: 0.1.0-9-gbc19398
     0 | D:1      | 0 ||| qw: Game counter: 70
     0 | D:1      | 0 ||| qw: Always use a shield: true
     0 | D:1      | 0 ||| qw: God list: Okawaru
     0 | D:1      | 0 ||| qw: Allow faded altars: false
     0 | D:1      | 0 ||| qw: Do Orc after D:15 true
     0 | D:1      | 0 ||| qw: Do second Lair branch before Depths: true
     0 | D:1      | 0 ||| qw: Lair rune preference: random
     0 | D:1      | 0 ||| qw: Plans: Normal, Zot:1-4, God:TSO, Crypt, Tomb,
                  | Pan, Slime:5, Hells, Abyss, Orb
     0 | D:1      | 0 ||| PLANNING D:1-11
    39 | D:1      | Reached skill level 2 in Axes
   327 | D:1      | Reached XP level 2. HP: 19/19 MP: 2/2
   593 | D:1      | Found a faded altar of an unknown god.
   712 | D:1      | Reached skill level 3 in Axes
   723 | D:1      | 723 ||| DROPPING +0 club.
   742 | D:1      | Reached XP level 3. HP: 18/23 MP: 3/3
   827 | D:1      | 827 ||| UPGRADING to amulet of the acrobat.
   832 | D:1      | 832 ||| UPGRADING to ring of protection from fire.
   833 | D:1      | 833 ||| READING scroll labelled CEGAZI KENO.
   834 | D:1      | 834 ||| READING scroll labelled SOSEIS KUMUEX.
   837 | D:1      | 837 ||| READING scroll labelled YTOEP NOLLIOZY.
   838 | D:1      | 838 ||| READING scroll labelled PATORU SUESMUPN.
   839 | D:1      | 839 ||| READING scroll labelled WUMUKK JOOSH.
   883 | D:2      | 883 ||| FLEEEEING.
   884 | D:2      | 884 ||| FLEEEEING.
   885 | D:2      | 885 ||| FLEEEEING.
   886 | D:2      | 886 ||| STAIRDANCE
  1039 | D:2      | 1039 ||| STAIRDANCE
  1230 | D:2      | 1230 ||| Stepping ~*~*~tactically~*~*~ (stealth).
  1248 | D:2      | 1248 ||| FLEEEEING.
  1249 | D:2      | 1249 ||| FLEEEEING.
  1250 | D:2      | 1250 ||| FLEEEEING.
  1316 | D:2      | 1316 ||| FLEEEEING.
  1317 | D:2      | 1317 ||| FLEEEEING.
  1319 | D:2      | 1319 ||| STAIRDANCE
  1508 | D:2      | Reached XP level 4. HP: 28/28 MP: 4/4
  1683 | D:2      | 1683 ||| Stepping ~*~*~tactically~*~*~ (stealth).
  1725 | D:2      | 1725 ||| Stepping ~*~*~tactically~*~*~ (stealth).
  1837 | D:2      | 1837 ||| READING scroll labelled YSOLITZ AGULL.
  1838 | D:2      | 1838 ||| READING scroll labelled JOVEIL JOITABO.
  1870 | D:3      | Reached skill level 4 in Axes
  2059 | D:3      | Found a runed translucent door.
  2066 | D:3      | Noticed qw's ghost (amateur GrFi)
  2071 | D:3      | Noticed Jessica
  2075 | D:3      | Killed Jessica
  2076 | D:3      | Reached XP level 5. HP: 29/32 MP: 5/5
  2219 | D:3      | Found a burning altar of Makhleb.
  2351 | D:3      | Noticed Ijyb
  2364 | D:3      | Killed Ijyb
  2556 | D:3      | Reached skill level 5 in Axes
  2851 | D:3      | 2851 ||| UPGRADING to +0 chain mail of positive energy.
  2861 | D:3      | 2861 ||| DROPPING +0 scale mail.
  2862 | D:3      | 2862 ||| DRINKING 2 fuming silvery potions.
  2875 | D:4      | Found Xaunos's Magic Scroll Boutique.
  2879 | D:4      | 2879 ||| BUYING scroll of enchant armour (105 gold).
  2879 | D:4      | Bought a scroll of enchant armour for 105 gold pieces
  2879 | D:4      | 2879 ||| BUYING scroll of identify (28 gold).
  2879 | D:4      | Bought a scroll of identify for 28 gold pieces
  2879 | D:4      | 2879 ||| BUYING scroll of identify (28 gold).
  2879 | D:4      | Bought a scroll of identify for 28 gold pieces
  2879 | D:4      | 2879 ||| SHOPLISTING scroll of teleportation (42 gold, have
                  | 5).
  2951 | D:4      | Identified the +1 flail "Uvedoth" {elec, rF++ rC- Str+4}
  2953 | D:4      | 2953 ||| DROPPING +0 whip.
  2957 | D:4      | 2957 ||| Stepping ~*~*~tactically~*~*~ (stealth).
  3079 | D:4      | Found a staircase to the Ecumenical Temple.
  3313 | D:4      | Noticed a phantom
  3314 | D:4      | 3314 ||| Stepping ~*~*~tactically~*~*~ (stealth).
  3325 | D:4      | Killed a phantom
  3326 | D:4      | Reached XP level 6. HP: 29/37 MP: 6/6
  3409 | D:4      | Noticed Blork the orc
  3423 | D:4      | HP: 8/39 [Blork the orc/puff of flame (2)]
  3424 | D:4      | 3424 ||| READING 2 scrolls of teleportation.
  3424 | D:4      | HP: 2/39 [Blork the orc/+0 mace (6)]
  3425 | D:4      | Slain by an adder

Levels and vault maps discovered:
D:1:      minmay_arrival_plants_in_alcoves, layout_loops_ring,
          hellmonk_ecumenical_altar_leap_of_faith
D:2:      layout_basic, kennysheep_boxes
D:3:      layout_basic, mainiacjoe_overflow_catwalk,
          ebering_ghost_reflecting_pool, uniq_ijyb, uniq_jessica
D:4:      layout_basic, minmay_temple_entry_glassed_door, serial_shops,
          shop_fountains, grunt_ministairs_15, uniq_blork_the_orc

Skill      XL: |  1  2  3  4  5  6 |
---------------+-------------------+-----
Axes           | 2 3 4 5 |  5.0
Throwing       | 2 |  2.2
Fighting       | 4 |  4.3
Armour         | |  3.2
Shields        | |  3.2

Action                   |  1- 3 |  4- 6 || total
-------------------------+-------+-------++-------
Melee: War axe           |   101 |   120 ||   221
Throw: Boomerang         |       |    33 ||    33
  Use: Scroll            |     5 |     3 ||     8
       Potion            |       |     1 ||     1
Armor: Scale mail        |    60 |    35 ||    95
       Chain mail        |       |    44 ||    44
Dodge: Dodged            |    61 |    46 ||   107
Block: Buckler           |    30 |    22 ||    52

Table legend:
 A = Non-vault XP
 B = Vault XP
 C = Vault XP percentage of total XP
 D = Non-vault monster count
 E = Vault monster count
 F = Vault count percentage of total count
                 A         B        C        D         E       F
            +---------+---------+-------+---------+---------+-------
      Total |     391 |      74 |  15.9 |      65 |       4 |   5.8
            +---------+---------+-------+---------+---------+-------
        D:1 |      34 |       0 |   0.0 |      18 |       0 |   0.0
        D:2 |      64 |       0 |   0.0 |      23 |       0 |   0.0
        D:3 |      60 |      70 |  53.8 |      10 |       2 |  16.7
        D:4 |     233 |       4 |   1.7 |      14 |       2 |  12.5
            +---------+---------+-------+---------+---------+-------
